cohdb
Replays
Latest Replays
All Replays
Popular Replays
Top Player Replays
Match Explorer
How It Works
Community
CoH3 Stats
Reddit
Sign in to upload your games and track your stats! →
Sign in with Steam
Match 45887574
Unlisted
Match 45887574
Overview
Messages
Build Orders
End
Kradschützen Motorcycle Team
Panzergrenadier Squad
Panzergrenadier Squad
Panzergrenadier Squad
Construct Light Support Kompanie
2.5-tonne Medical Truck
Assault Mechanized Group
Panzerjäger Squad
Fire Support Elements
Veteran Squad Leaders
Flakvierling Half-track
Advanced Field Repairs
Vehicle Survival Package
Selects Panzerjäger Kommand Battlegroup
Selects Mine Fields
Selects Tank Busters
Selects Defensive Positions
Selects Butterfly Bomb Drop
Selects Crew Shock Tactics
Construct Panzerarmee Kommand
Panzerjäger Mechanized Group
Flak 36 Anti-tank Gun Team
Selects Anti-tank Overwatch
Flak 36 Anti-tank Gun Team
Panzer III L Medium Tank
Armored Reserves
Anti-tank Overwatch
Anti-tank Overwatch
Flak 36 Anti-tank Gun Team
Panzer IV Assault Group
Loren
Mael Radec
0
0
Comments
sign in to comment!
No comments posted yet!